 Dungeon Crawl Stone Soup version 0.31-a0-971-g75a2e9a4b4 (webtiles) character file.

Game seed: 10702761429203405731

1776918 Sergey the Cryomancer (level 27, 230/230 HPs)
             Began as a Formicid Venom Mage on Oct 28, 2023.
             Was the Champion of Vehumet.
             Escaped with the Orb
             ... and 4 runes!
             The game lasted 03:38:39 (115550 turns).

Sergey the Cryomancer (Formicid Venom Mage)       Turns: 115550, Time: 03:38:39

Health: 230/230    AC: 17    Str: 20    XL:     27
Magic:  25/48      EV: 34    Int: 40    God:    Vehumet [******]
Gold:   852        SH: 19    Dex: 14    Spells: 3/68 levels left

rFire   + + +        r - +8 flail "Conservator" {pain, rF+ rN++ Str+2}
rCold   + . .        T - +5 kite shield {rC+ rF+}
rNeg    + + +        u - +4 robe of Folly {Brill Will-∞ Int+8}
rPois   +            (helmet unavailable)
rElec   +            n - +2 cloak {Will+}
rCorr   +            R - +2 pair of gloves
SInv    +            E - +2 pair of boots of Pandemonium {Str+4}
Will    .....        I - macabre finger necklace {Finger+ rN+}
Stlth   ++           d - ring of the Endless Expanse {rPois rF+ rCorr Int+4}
HPRegen 0.58/turn    X - ring "Anaef" {rElec EV+5 SInv}
MPRegen 0.31/turn    b - ring of the Hare {EV+10}

%: no passive effects
@: studying 3 skills
A: permanent stasis, dig shafts and tunnels, antennae 3, four strong arms, fangs
1
0: Orb of Zot
}: 4/15 runes: serpentine, barnacled, slimy, silver
a: Dig, Shaft Self, Renounce Religion


You escaped.
You worshipped Vehumet.
Vehumet was exalted by your worship.
You visited 11 branches of the dungeon, and saw 55 of its levels.
You also visited: Bailey, Ice Cave, Volcano and Wizlab.

You collected 8313 gold pieces.
You spent 7461 gold pieces at shops.

Inventory:

Hand Weapons
 e - the +8 trishula "Condemnation" {holy, anguish, *Noise Fly rN+}
   (You found it on level 5 of the Vaults)

   rN+:       It protects you from negative energy.
   Fly:       It grants you flight.
   *Noise:    It may make a loud noise when swung.
 r - the +8 flail "Conservator" (weapon) {pain, rF+ rN++ Str+2}
   (You found it on level 5 of the Dungeon)

   Str+2:     It affects your strength (+2).
   rF+:       It protects you from fire.
   rN++:      It greatly protects you from negative energy.
 w - a +9 demon trident of draining
Missiles
 k - a throwing net
 S - 15 curare-tipped darts
Armour
 n - a +2 cloak of willpower (worn)
 u - the +4 robe of Folly (worn) {Brill Will-∞ Int+8}
   (You found it on level 5 of the Lair of Beasts)

   Brill:     It increases the power of your magical spells and halves their MP
   cost (rounding up).
   Will-∞: It reduces your willpower to zero.
   Int+8:     It affects your intelligence (+8).
 C - a +2 robe of willpower
 D - a +3 troll leather armour
 E - the +2 pair of boots of Pandemonium (worn) {Str+4}
   (You found it on level 2 of the Crypt)

   Str+4:     It affects your strength (+4).
 R - a +2 pair of gloves (worn)
 T - a +5 kite shield of resistance (worn)
Magical Staves
 q - a staff of cold {rC+ !a}
Jewellery
 b - the ring of the Hare (on amulet) {EV+10}
   (You bought it in a shop on level 1 of the Snake Pit)

   [ring of evasion]

   EV+10:     It affects your evasion (+10).
 d - the ring of the Endless Expanse (left hand) {rPois rF+ rCorr Int+4}
   (You bought it in a shop on level 1 of the Snake Pit)

   [ring of poison resistance]

   Int+4:     It affects your intelligence (+4).
   rF+:       It protects you from fire.
   rPois:     It protects you from poison rCorr: It protects you from acid and
   corrosion.
 A - the ring "Tolybewn" {Fire Drain rPois rN++ rCorr}
   (You took it off an orc on level 4 of the Dungeon)

   [ring of fire]

   Fire:      It enhances your fire magic.
   rF+:       It protects you from fire.
   rC-:       It makes you vulnerable to cold.
   rPois:     It protects you from poison rN++: It greatly protects you from
   negative energy.
   rCorr:     It protects you from acid and corrosion.
   Drain:     It drains your maximum health when unequipped.
 G - an amulet of magic regeneration
 H - the ring "Wionedez" {Wiz rF- rN+++ Str+5 Dex-3 SInv}
   (You took it off a deep elf high priest on level 3 of the Elven Halls)

   [ring of wizardry]

   Wiz:       It improves your spell success rate.
   Str+5:     It affects your strength (+5).
   Dex-3:     It affects your dexterity (-3).
   rF-:       It makes you vulnerable to fire.
   rN+++:     It renders you almost immune to negative energy.
   SInv:      It lets you see invisible.
 I - the macabre finger necklace (around neck) {Finger+ rN+}
   (You took it off a tengu reaver on level 5 of the Vaults)

   [amulet of nothing]

   Finger+:   It enables you to equip an extra ring.
   rN+:       It protects you from negative energy.
 Q - a ring of positive energy
 U - the ring "Ysex" {rF+ Will+ rCorr Int+6}
   (You found it on level 3 of the Crypt)

   [ring of willpower]

   Int+6:     It affects your intelligence (+6).
   rF+:       It protects you from fire.
   Will+:     It increases your willpower.
   rCorr:     It protects you from acid and corrosion.
 X - the ring "Anaef" (right hand) {rElec EV+5 SInv}
   (You bought it in a shop on level 3 of the Snake Pit)

   [ring of evasion]

   EV+5:      It affects your evasion (+5).
   rElec:     It insulates you from electricity.
   SInv:      It lets you see invisible.
Wands
 c - a wand of light (16)
 i - a wand of roots (21)
 v - a wand of digging (30)
 y - a wand of mindburst (17)
 P - a wand of paralysis (36)
Scrolls
 h - 6 scrolls of poison
 s - 9 scrolls of butterflies
 z - 6 scrolls of immolation
 K - 7 scrolls of fear
 L - 7 scrolls of vulnerability {!r}
 M - 7 scrolls of fog {@r2}
 O - 2 scrolls of enchant armour
Potions
 a - 5 potions of might {@q3}
 f - 28 potions of curing {@q2}
 g - 4 potions of mutation
 j - 8 potions of cancellation
 l - 10 potions of lignification
 o - 4 potions of enlightenment
 p - 5 potions of invisibility
 t - 3 potions of brilliance
 x - 8 potions of magic
 F - 15 potions of heal wounds {@q1}
 Y - 7 potions of resistance
 Z - 5 potions of ambrosia
Miscellaneous
 m - a box of beasts
 B - a phial of floods
 J - a phantom mirror
 V - a condenser vane
 W - a lightning rod (4/4)


   Skills:
 + Level 21.6 Fighting
 - Level 2.0 Short Blades
 - Level 10.0 Polearms
 - Level 11.0 Armour
 + Level 14.9 Dodging
 - Level 12.0 Stealth
 - Level 18.0 Shields
 + Level 21.4 Spellcasting
 - Level 10.0 Conjurations
 - Level 10.0 Summonings
 - Level 6.0 Translocations
 - Level 2.0 Transmutations
 - Level 2.0 Fire Magic
 - Level 22.3 Ice Magic
 - Level 2.0 Air Magic
 - Level 22.0 Earth Magic
 - Level 6.0 Poison Magic
 + Level 12.9 Evocations


You had 3 spell levels left.
You knew the following spells:

 Your Spells              Type           Power      Damage    Failure   Level
a - Borgnjor's Vile Clut  Necr/Erth      57%        N/A       1%          5
b - Spellforged Servitor  Conj/Summ      55%        N/A       3%          7
c - Polar Vortex          Ice            73%        12d9*     2%          9
d - Lee's Rapid Deconstr  Erth           72%        3d33*     0%          5
e - Bombard               Conj/Erth      65%        9d11      1%          6
f - Freezing Cloud        Conj/Ice/Air   58%        6-21      1%          5
l - Passage of Golubria   Tloc           94%        N/A       1%          4
o - Ozocubu's Refrigerat  Ice            73%        4d23      1%          7
s - Shatter               Erth           72%        3d53*     2%          9
z - Lehudib's Crystal Sp  Conj/Erth      65%        10d15     1%          8

Your spell library contained the following spells:

 Spells                   Type           Power      Damage    Failure   Level
 Freeze                   Ice            100%       1d10      0%          1
 Magic Dart               Conj           100%       1d8       0%          1
 Sandblast                Erth           100%       2d20      0%          1
 Summon Small Mammal      Summ           100%       N/A       0%          1
 Passwall                 Tmut/Erth      98%        N/A       0%          2
 Searing Ray              Conj           100%       2d8       0%          2
 Frozen Ramparts          Ice            100%       1d16      0%          3
 Hailstorm                Conj/Ice       100%       3d20      0%          3
 Ozocubu's Armour         Ice            100%       N/A       0%          3
 Stone Arrow              Conj/Erth      100%       3d13      0%          3
 Kiss of Death            Conj/Necr      100%       2d13      1%          1
 Sting                    Tmut/Pois      100%       1d8       1%          1
 Cigotuvi's Dreadful Rot  Necr/Pois/Air  100%       N/A       1%          2
 Jinxbite                 Hex            100%       N/A       1%          2
 Momentum Strike          Conj/Tloc      100%       3d10      1%          2
 Poisonous Vapours        Pois/Air       100%       N/A       1%          2
 Scorch                   Fire           100%       2d9       1%          2
 Static Discharge         Conj/Air       100%       3-8/arc   1%          2
 Sublimation of Blood     Necr           59%        N/A       1%          2
 Call Canine Familiar     Summ           100%       N/A       1%          3
 Dazzling Flash           Conj/Hex       100%       N/A       1%          3
 Gell's Gravitas          Tloc           94%        N/A       1%          3
 Ignite Poison            Fire/Tmut/Pois 81%        N/A       1%          3
 Inner Flame              Hex/Fire       66%        N/A       1%          3
 Mephitic Cloud           Conj/Pois/Air  94%        N/A       1%          3
 Summon Guardian Golem    Hex/Summ       90%        N/A       1%          3
 Teleport Other           Tloc           94%        N/A       1%          3
 Volatile Blastmotes      Fire/Tloc      100%       2d18      1%          3
 Confusing Touch          Hex            59%        N/A       2%          3
 Tukima's Dance           Hex            59%        N/A       2%          3
 Brom's Barrelling Bould  Conj/Erth      100%       2d11      0%          4
 Summon Ice Beast         Ice/Summ       100%       N/A       0%          4
 Airstrike                Air            36%        2d(6-22)  1%          4
 Flame Wave               Conj/Fire      94%        2d20      1%          4
 Fulminant Prism          Conj/Hex       45%        3d21      1%          4
 Iskenderun's Mystic Bla  Conj/Tloc      100%       2d19      1%          4
 Manifold Assault         Tloc           94%        N/A       1%          4
 Olgreb's Toxic Radiance  Pois           94%        N/A       1%          4
 Petrify                  Tmut/Erth      100%       N/A       1%          4
 Sticky Flame             Conj/Fire      94%        2d10      1%          4
 Summon Lightning Spire   Summ/Air       94%        N/A       1%          4
 Arcjolt                  Conj/Air       47%        1d57      1%          5
 Fireball                 Conj/Fire      47%        3d19      1%          5
 Irradiate                Conj/Tmut      47%        3d27      1%          5
 Iskenderun's Battlesphe  Conj           100%       2d15      1%          5
 Metabolic Englaciation   Hex/Ice        57%        N/A       1%          5
 Simulacrum               Ice/Necr       57%        N/A       1%          6
 Summon Cactus Giant      Summ           55%        N/A       1%          6
 Dimensional Bullseye     Hex/Tloc       39%        N/A       2%          4
 Summon Mana Viper        Hex/Summ       90%        N/A       2%          5
 Conjure Ball Lightning   Conj/Air       47%        3x3d16    2%          6
 Orb of Destruction       Conj           55%        9d14      3%          7
 Alistair's Intoxication  Tmut/Pois      56%        N/A       4%          5
 Yara's Violent Unravell  Hex/Tmut       33%        3d14      4%          5
 Eringya's Noxious Bog    Tmut/Pois      42%        4d6       6%          6
 Anguish                  Hex/Necr       29%        N/A       8%          4
 Cause Fear               Hex            29%        N/A       8%          4
 Dispel Undead            Necr           59%        3d21      8%          4
 Dispersal                Tloc           47%        N/A       10%         6
 Monstrous Menagerie      Summ           55%        N/A       11%         7
 Plasma Beam              Fire/Air       36%        2x1d50    13%         6
 Haunt                    Necr/Summ      45%        N/A       63%         7
 Disjunction              Tloc           47%        N/A       99%         8
 Enfeeble                 Hex            29%        N/A       100%        7
 Borgnjor's Revivificati  Necr           29%        N/A       100%        8
 Death's Door             Necr           29%        N/A       100%        9
 Dragon's Call            Summ           55%        N/A       100%        9
 Vhi's Electric Charge    Tloc/Air       Unusable   N/A       N/A         4

Dungeon Overview and Level Annotations

Branches:
Dungeon (15/15)            Temple (0/1) D:4            Lair (5/5) D:10
 Shoals (4/4) Lair:2        Snake (4/4) Lair:2        Slime (5/5) Lair:5
    Orc (2/2) D:11            Elf (3/3) Orc:2        Vaults (5/5) D:13
  Crypt (3/3) Vaults:3       Tomb (0/3) Crypt:3      Depths (4/4) D:15
    Zot (5/5) Depths:4     Bailey (visited)           IceCv (visited)
Volcano (visited)          WizLab (visited)

Altars:
Ashenzari
Dithmenos
Makhleb
Okawaru
Qazlal
Sif Muna
Trog
Vehumet
Xom
Zin
Jiyva
Lugonu

Shops:
D:11 [(   Orc:1 *   Orc:2 *?*!*   Elf:1 (   Shoals:1 !   Shoals:3 !
Shoals:4 ?   Snake:1 :==   Snake:2 (=   Snake:3 [=   Vaults:1 ?   Vaults:3 !

Portals:
Hell: Depths:1 Depths:2 Depths:3 Depths:4
Abyss: Lair:2 Depths:2 Depths:3
Ziggurat: Depths:1

Annotations:
D:6 exclusion: downstairs
D:14 exclusion: downstairs
Lair:1 3 exclusions
Slime:5 Royal Jelly
Vaults:2 Jory
Crypt:1 1 exclusion
Depths:1 exclusion: 2 doors
Depths:2 exclusions: door and 1 more exclusion
Depths:3 exclusion: 2 downstairs
Zot:2 exclusion: downstairs
Zot:3 exclusions: door and downstairs


Innate Abilities, Weirdness & Mutations

You cannot be hasted, slowed, berserked, paralysed or teleported.
You can dig through walls and to a lower floor.
You have a pair of large antennae on your head. (SInv)
Your four strong arms can wield two-handed weapons with a shield.
You have very sharp teeth.


Message History

You continue taking off your +3 troll leather armour. x2
The winds around you calm down.
You continue taking off your +3 troll leather armour.
You finish taking off your +3 troll leather armour.
Casting: Polar Vortex (dangerous; 4% risk of failure)
Confirm with . or Enter, or press ? or * to list all spells.
A great freezing vortex appears and lifts you up.
You kill the glowing orange brain!
Vehumet accepts your kill.
You feel your power returning.
A tormentor comes into view.
Casting: Polar Vortex (dangerous; 4% risk of failure)
Confirm with . or Enter, or press ? or * to list all spells.
The dungeon rumbles!
The tormentor is almost dead.
Ka-crash!
The winds around you start to calm down.
You float gracefully downwards.
Casting: Shatter (dangerous; 4% risk of failure)
Confirm with . or Enter, or press ? or * to list all spells.
The dungeon rumbles!
You kill the tormentor!
Vehumet accepts your kill.
You feel your power returning.
Ka-crash!
You start putting on your armour.
You continue putting on the +4 robe of Folly {Brill Will-∞ Int+8}. x2
The winds around you calm down.
You continue putting on the +4 robe of Folly {Brill Will-∞ Int+8}. x2
You finish putting on the +4 robe of Folly {Brill Will-∞ Int+8}.
You feel clever.
You start resting.
You sense a monster nearby.
A neqoxec comes into view.
Unknown command.
Unknown command.
Unknown command.
Unknown command.
The neqoxec shouts!
You have escaped!

...###.........##..##..##.........#
##.#....................#..#.#.#.#.
.......................##..#.#.#.#.
####.#.###...................)...#.
# #.#..............).............#
####.#..............#...#...##...#.
.........#....#..........#..##...#.
.###.#.#...#......#....#....##...#.
.................@........####....#
..####.###...#.#...#..............#
.....#.# #.............#####.###.
..##...# ###.)...#..#...###......
..###..##### #.#.....#....##......#
..#.##.....# #.......##...##.....#.
..#.#......##.#......##{3.#......#.
..#.#..#..............#...#.#......
..#.#..#...###....###.#............


You could see a neqoxec.

Vanquished Creatures
  3 dread liches
  3 orbs of fire (Zot:5)
  2 ancient liches
  Sojobo (Vaults:4)
  9 Killer Klowns
  A shard shrike (Zot:1)
  The ghost of Heoriaro the Bludgeoner, a legendary GnFi of Cheibriados (Zot:5)
  Margery (Crypt:3)
  6 curse toes
  13 golden dragons
  A bone dragon (Crypt:3)
  Norris (Elf:3)
  A Brimstone Fiend (Depths:1)
  5 electric golems
  A shard shrike zombie (Crypt:2)
  A Hell Sentinel (Depths:4)
  14 tentacled monstrosities
  25 Orb Guardians (Zot:5)
  3 liches
  Mlioglotl (Shoals:1)
  A walking crystal tome (Depths:3)
  A shard shrike skeleton (Crypt:3)
  4 titans (Vaults:5)
  9 quicksilver dragons
  4 deep elf master archers (Elf:3)
  6 sphinxes
  A kraken (Shoals:1)
  The ghost of Mustrin the Gelid, an adept OpCA of Ignis (Lair:3)
  3 Executioners
  12 acid blobs
  Gastronok (Lair:1)
  14 death cobs
  11 ancient champions
  9 shadow dragons
  Ilsuiw (Shoals:2)
  15 storm dragons
  7 draconian monks
  8 tengu reavers
  2 revenants (Crypt:2)
  Roxanne (Shoals:4)
  3 rockslimes
  Aizul (Snake:1)
  2 demonspawn warmongers (D:2)
  5 nagarajas
  11 frost giants
  A daeva (Depths:1)
  8 draconian knights
  4 fire giants
  2 deep elf sorcerers (Elf:3)
  4 azure jellies (Slime:5)
  4 deep elf elementalists (Elf:3)
  14 vault wardens
  An iron dragon (Vaults:5)
  6 draconian shifters
  9 draconian scorchers
  Louise (Elf:2)
  3 ghost moths
  9 ghouls
  A draconian annihilator (Zot:2)
  A spriggan defender (Depths:3)
  6 quicksilver oozes
  An orc warlord (Vaults:2)
  2 war gargoyles (Vaults:5)
  3 curse skulls
  3 draconian stormcallers
  A demonspawn blood saint (D:5)
  2 demonspawn corrupters
  13 ironbound preservers
  12 stone giants
  26 very ugly things
  3 reapers
  7 vampire knights
  7 deep elf demonologists
  7 ironbound thunderhulks
  8 formless jellyfish
  16 green draconians
  15 black draconians
  A lorocyproca (Zot:5)
  7 dire elephants
  15 red draconians
  20 white draconians
  An acid blob zombie (Crypt:3)
  5 deep elf annihilators (Elf:3)
  A spark wasp (shapeshifter) (Vaults:5)
  10 yellow draconians
  5 eidola
  18 purple draconians
  14 deep elf death magi
  Snorg (D:11)
  3 green deaths
  4 merfolk javelineers
  A fire dragon (Depths:3)
  Josephine (D:11)
  13 ettins
  2 entropy weavers
  5 merfolk impalers
  7 deep elf high priests
  3 spriggan zombies
  9 jiangshi (Crypt:1)
  3 salamander tyrants (Snake:4)
  17 great orbs of eyes
  7 hydras
  3 rakshasas
  16 yaktaur captains
  29 vault guards
  A hell beast (D:8)
  3 anacondas
  A peacekeeper (Vaults:4)
  3 ogre magi
  A merfolk avatar (Shoals:4)
  5 ironbound frosthearts
  Erolcha (D:13)
  4 spriggan air magi
  7 ice dragons
  2 merfolk aquamancers
  6 centaur warriors
  A satyr (Shoals:3)
  21 dancing weapons
  8 boulder beetles
  8 two-headed ogres
  A death knight (Crypt:1)
  6 deep troll shamans
  2 hell hogs
  7 death yaks
  10 deep troll earth magi
  3 tengu warriors
  10 vampire magi
  Urug (D:11)
  An orc high priest (Orc:1)
  15 naga warriors
  An occultist (Depths:2)
  A two-headed ogre (shapeshifter) (Elf:3)
  A titan zombie (Vaults:5)
  14 hell knights
  2 soul eaters
  10 spriggan berserkers
  5 naga sharpshooters
  5 sun demons (Depths:1)
  3 shock serpents
  Sonja (Lair:5)
  12 deep elf knights
  A titan skeleton (Crypt:1)
  9 spriggans
  A fire crab (shapeshifter) (Vaults:5)
  3 salamander mystics
  Amaemon (Lair:1)
  4 iron trolls
  6 shadow wraiths
  2 sixfirhies
  A cherub (D:1)
  A sea snake (shapeshifter) (Vaults:4)
  4 skysharks
  6 glowing orange brains
  49 deep trolls
  6 sea snakes
  19 skeletal warriors
  4 bog bodies
  2 shadow demons
  6 deep elf archers
  2 flayed ghosts
  Pikel (D:5)
  10 arcanists
  An obsidian statue (Crypt:2)
  5 naga ritualists
  19 ironbound convokers
  A golden dragon skeleton (Crypt:1)
  11 lindwurms
  17 phantasmal warriors
  9 orc knights
  8 mana vipers
  A wolf spider zombie (Crypt:3)
  25 deep elf zephyrmancers
  7 fauns
  A harpy (Shoals:4)
  13 salamanders
  A tengu zombie (Vaults:4)
  10 necromancers
  16 deep elf pyromancers
  An eleionoma zombie (Crypt:3)
  3 orc sorcerers
  2 wolf spiders
  A jorogumo zombie (Crypt:2)
  36 ugly things
  6 shining eyes
  A stone giant zombie (Crypt:2)
  9 cyclopes
  12 manticores
  2 wolf spiders (shapeshifter)
  A frost giant skeleton (Crypt:2)
  6 guardian serpents
  35 moths of wrath
  5 water nymphs
  13 elephants
  An eye of devastation (shapeshifter) (Vaults:5)
  27 black mambas
  3 ice statues (IceCv)
  5 merfolk sirens
  A centaur zombie (Crypt:2)
  Joseph (D:7)
  An elf skeleton (Vaults:4)
  2 gargoyles
  A stone giant skeleton (Crypt:2)
  A red draconian zombie (Crypt:3)
  7 eyes of devastation
  10 naga magi
  3 orange demons
  A centaur skeleton (Crypt:2)
  25 vault sentinels
  21 cane toads
  A torpor snail (Lair:3)
  A yaktaur zombie (Vaults:5)
  3 unseen horrors (D:11)
  A hellion (Depths:2)
  5 nameless horrors
  An ice devil (D:14)
  2 kobold demonologists (D:13)
  6 tengu conjurers
  2 tormentors
  23 yaktaurs
  5 freezing wraiths
  2 efreet (D:13)
  7 komodo dragons
  An anaconda simulacrum (IceCv)
  4 guardian mummies (Crypt:1)
  An orb spider zombie (Crypt:1)
  A troll (shapeshifter) (Depths:3)
  A yaktaur skeleton (Vaults:4)
  5 trolls
  2 harpy zombies (Crypt:2)
  3 meliai (D:15)
  5 wind drakes
  A meliai (shapeshifter) (Vaults:5)
  3 polar bears
  2 tyrant leeches (Lair:5)
  24 merfolk
  Prince Ribbit (D:5)
  A minotaur skeleton (Crypt:3)
  6 hellwings
  5 hornets
  Grinder (D:4)
  A tarantella (Vaults:2)
  43 blink frogs
  An ettin zombie (Crypt:1)
  3 glass eyes
  11 snapping turtles
  8 dream sheep
  110 slime creatures
  26 flying skulls
  3 air elementals
  Sigmund (D:4)
  3 shadows
  3 vampires
  A ynoxinul (D:2)
  18 wraiths
  A fire dragon skeleton (Crypt:1)
  44 yaks
  3 ettin skeletons
  11 water elementals
  2 wyverns
  A dire elephant simulacrum (IceCv)
  A fire elemental (Elf:1)
  3 golden eyes
  2 large abominations (D:10)
  5 basilisks
  Grum (Lair:1)
  5 redbacks
  A neqoxec (WizLab)
  5 steam dragons
  2 chaos spawn (WizLab)
  10 vampire mosquitoes
  2 human simulacra
  39 nagas
  A warg (shapeshifter) (Vaults:5)
  2 wargs
  4 acid dragons
  17 water moccasins
  Duvessa (D:7)
  39 orc warriors
  An ettin simulacrum (Vaults:5)
  4 ice beasts
  A snapping turtle zombie (Crypt:1)
  2 black bears
  A tengu (shapeshifter) (Vaults:5)
  A wolf (shapeshifter) (Vaults:5)
  9 ogres
  An elephant skeleton (Crypt:2)
  A lindwurm skeleton (Crypt:1)
  24 wolves
  15 centaurs
  A lemure (D:5)
  A blink frog skeleton (Crypt:3)
  2 phantoms
  5 kobold brigands
  Blork the orc (D:4)
  18 bullfrogs
  2 gnoll sergeants
  A cyclops zombie (Crypt:3)
  2 necrophages
  An earth elemental (Elf:1)
  6 scorpions
  A cane toad simulacrum (IceCv)
  A komodo dragon skeleton (Crypt:2)
  16 wights
  A wyvern skeleton (Crypt:1)
  Dowan (D:7)
  6 killer bees
  6 howler monkeys
  A vampire bat (D:4)
  A raiju skeleton (Crypt:3)
  A yak skeleton (Crypt:2)
  10 electric eels
  6 lava snakes (Volcano)
  A bullfrog zombie (Crypt:3)
  A gnoll bouda (D:6)
  2 hounds
  10 jellies
  11 orc priests
  Crazy Yiuf (D:2)
  A black bear skeleton (Crypt:3)
  An iguana (D:5)
  A sleepcap (D:5)
  A basilisk skeleton (Crypt:1)
  Natasha (thrice) (D:3)
  20 orc wizards
  2 polar bear simulacra (IceCv)
  A wolf simulacrum (IceCv)
  5 centaur simulacra
  A naga skeleton (Crypt:1)
  2 mummies (Crypt:1)
  16 gnolls
  8 adders
  2 river rats (D:5)
  A steam dragon zombie (Crypt:1)
  A white imp (D:10)
  2 ufetubi (D:6)
  A worm (D:5)
  5 fire bats
  82 orcs
  2 spectral bats (D:4)
  3 bat skeletons (D:4)
  A bat zombie (D:4)
  7 endoplasms
  10 giant cockroaches
  20 goblins
  6 hobgoblins
  3 jackals (D:2)
  4 quokkas
  9 ball pythons
  19 bats
  A bat simulacrum (D:4)
  2 frilled lizards
  12 kobolds
  6 rats
  4 butterflies (Lair:4)
  A lurking horror (Lair:2)
  A tentacle (Shoals:1)
2360 creatures vanquished.

Vanquished Creatures (collateral kills)
  2 golden dragons (Depths:4)
  2 bone dragons
  2 liches
  A titan (Vaults:4)
  Polyphemus (Shoals:3)
  2 tengu reavers (Vaults:4)
  Donald (Elf:2)
  A storm dragon (Depths:4)
  2 fire giants
  3 frost giants
  An azure jelly (Slime:4)
  An iron dragon (Depths:3)
  A war gargoyle (Vaults:4)
  A quicksilver ooze (Slime:5)
  2 ironbound preservers
  3 stone giants
  An ironbound thunderhulk (Vaults:4)
  A vampire knight (Vaults:3)
  7 very ugly things
  9 dire elephants
  The ghost of Coyxt the Martial Artist, a journeyman DsSh of Okawaru (Elf:2)
  A spark wasp (Depths:3)
  A yellow draconian (Zot:1)
  A white draconian (Depths:4)
  A merfolk javelineer (Shoals:4)
  3 deep elf death magi (Elf:3)
  A jiangshi (Vaults:3)
  An ettin (Depths:4)
  An entropy weaver (Vaults:4)
  2 ice dragons
  A catoblepas (Shoals:3)
  3 merfolk aquamancers (Shoals:4)
  5 dancing weapons
  2 two-headed ogres
  A boulder beetle (D:13)
  A tengu warrior (Depths:4)
  A death yak (Shoals:3)
  2 deep troll shamans (Depths:3)
  A vampire mage (Crypt:2)
  A deep troll earth mage (Depths:4)
  2 spriggan berserkers (Depths:3)
  2 hell knights
  A spriggan (Depths:4)
  An iron troll (Depths:4)
  4 deep trolls
  A sea snake (Shoals:4)
  3 harpies (Shoals:4)
  An ironbound convoker (Vaults:1)
  2 phantasmal warriors (Depths:2)
  6 ugly things
  A cyclops (D:13)
  A water nymph (Shoals:4)
  A manticore (Shoals:4)
  A freezing wraith (Vaults:3)
  A merfolk (Shoals:4)
  A hornet (Depths:4)
  2 nameless horrors
  A snapping turtle (Shoals:4)
  4 slime creatures
  A water elemental (Depths:4)
  A wraith (D:13)
113 creatures vanquished.

Vanquished Creatures (others)
  A blink frog skeleton (Crypt:3)
  7 tentacles (Shoals:1)
8 creatures vanquished.

Grand Total: 2481 creatures vanquished

Notes
Turn   | Place    | Note
-------+----------+-------------------------------------------
     0 | D:1      | Sergey the Formicid Venom Mage began the quest for the Orb.
     0 | D:1      | Reached XP level 1. HP: 13/13 MP: 3/3
   724 | D:1      | Reached XP level 2. HP: 20/20 MP: 1/5
   727 | D:1      | Learned a level 2 spell: Poisonous Vapours
   788 | D:1      | Reached skill level 1 in Fighting
  1183 | D:1      | Reached skill level 1 in Air Magic
  1469 | D:1      | Reached XP level 3. HP: 26/26 MP: 3/6
  2645 | D:2      | Found a runed translucent door.
  2646 | D:2      | Noticed Crazy Yiuf
  3213 | D:2      | Found a faded altar of an unknown god.
  3222 | D:2      | Prayed at the altar of an unknown god.
  3222 | D:2      | Became a worshipper of Vehumet
  3222 | D:2      | Reached * piety under Vehumet
  3222 | D:2      | Offered knowledge of Kiss of Death by Vehumet.
  3274 | D:2      | Reached XP level 4. HP: 33/33 MP: 3/7
  4831 | D:2      | Found a radiant altar of Vehumet.
  5011 | D:2      | Found a runed translucent door.
  5332 | D:3      | Learned a level 4 spell: Olgreb's Toxic Radiance
  5742 | D:3      | Found a glowing silver altar of Zin.
  5742 | D:3      | Found a bloodstained altar of Trog.
  5966 | D:3      | Found a shadowy altar of Dithmenos.
  5997 | D:3      | Noticed Natasha
  6010 | D:3      | Killed Natasha
  6011 | D:3      | Reached skill level 5 in Stealth
  6011 | D:3      | Reached XP level 5. HP: 31/38 MP: 1/8
  6120 | D:3      | Noticed Natasha
  6227 | D:3      | Killed Natasha
  6612 | D:3      | Noticed Natasha
  6619 | D:3      | Killed Natasha
  6620 | D:3      | Reached skill level 5 in Poison Magic
  8046 | D:4      | Found a staircase to the Ecumenical Temple.
  8052 | D:4      | Reached XP level 6. HP: 42/44 MP: 1/10
  8129 | D:4      | Learned a level 3 spell: Mephitic Cloud
  8906 | D:4      | Reached skill level 1 in Conjurations
  8924 | D:4      | Noticed Grinder
  9098 | D:4      | Noticed Sigmund
  9148 | D:4      | Noticed Blork the orc
  9260 | D:5      | Entered Level 5 of the Dungeon
  9263 | D:5      | Noticed an ogre
  9264 | D:5      | Noticed an ogre
  9272 | D:4      | Found a radiant altar of Vehumet.
  9356 | D:5      | Noticed Pikel
  9708 | D:4      | Reached XP level 7. HP: 50/50 MP: 11/11
  9980 | D:4      | Identified the ring "Tolybewn" {Fire Drain rPois rN++
                  | rCorr}
 10411 | D:4      | Reached ** piety under Vehumet
 10507 | D:4      | Offered knowledge of Scorch by Vehumet.
 11281 | D:3      | Found a shadowy altar of Dithmenos.
 11527 | D:3      | Found a glowing silver altar of Zin.
 11527 | D:3      | Found a bloodstained altar of Trog.
 12268 | D:4      | Killed Blork the orc
 12269 | D:4      | Reached XP level 8. HP: 42/57 MP: 3/14
 12518 | D:4      | Killed Sigmund
 13257 | D:4      | Killed Grinder
 13263 | D:4      | Learned a level 2 spell: Searing Ray
 13374 | D:3      | You fall into a shaft and drop 1 floor!
 13389 | D:3      | You fall into a shaft and drop 3 floors!
 13855 | D:6      | Offered knowledge of Momentum Strike by Vehumet.
 13911 | D:6      | Reached skill level 5 in Spellcasting
 13911 | D:6      | Reached XP level 9. HP: 64/65 MP: 9/16
 14193 | D:6      | Reached skill level 1 in Short Blades
 14821 | D:5      | Noticed Prince Ribbit
 14838 | D:5      | Killed Prince Ribbit
 14839 | D:5      | Reached skill level 5 in Conjurations
 15098 | D:5      | Reached *** piety under Vehumet
 15454 | D:5      | Identified the +8 flail "Conservator" {pain, rF+ rN++
                  | Str+2}
 15577 | D:5      | Killed Pikel
 15578 | D:5      | Reached XP level 10. HP: 71/71 MP: 2/17
 16135 | D:6      | Learned a level 5 spell: Iskenderun's Battlesphere
 16137 | D:6      | Learned a level 1 spell: Magic Dart
 16304 | D:7      | Noticed Joseph
 16442 | D:7      | Offered knowledge of Ignite Poison by Vehumet.
 16457 | D:7      | Learned a level 3 spell: Ignite Poison
 16541 | D:7      | Killed Joseph
 16992 | D:7      | Noticed Dowan
 16993 | D:7      | Noticed Duvessa
 16998 | D:7      | Killed Dowan
 16999 | D:7      | Killed Duvessa
 17216 | D:7      | Reached **** piety under Vehumet
 17882 | D:8      | Found a flagged portal.
 17922 | Bailey   | Entered a bailey
 18114 | Bailey   | Reached skill level 5 in Fighting
 18194 | Bailey   | Offered knowledge of Stone Arrow by Vehumet.
 18209 | Bailey   | Noticed an orc knight
 18221 | Bailey   | Killed an orc knight
 18222 | Bailey   | Reached skill level 5 in Evocations
 18384 | Bailey   | Found a large runed translucent door.
 18384 | Bailey   | Found a large runed translucent door.
 18385 | Bailey   | Noticed a deep elf zephyrmancer
 18589 | D:8      | Noticed a two-headed ogre
 18765 | D:8      | Reached XP level 11. HP: 81/81 MP: 15/23
 20408 | D:10     | Entered Level 10 of the Dungeon
 20711 | D:10     | Reached ***** piety under Vehumet
 20712 | D:10     | Reached skill level 10 in Spellcasting
 20718 | D:10     | Offered knowledge of Lee's Rapid Deconstruction by Vehumet.
 20737 | D:10     | Learned a level 5 spell: Lee's Rapid Deconstruction
 20779 | D:10     | Noticed a centaur warrior
 20846 | D:10     | Noticed a two-headed ogre
 20890 | D:10     | Killed a two-headed ogre
 21029 | D:10     | Noticed a cyclops
 21044 | D:10     | Found an iron altar of Okawaru.
 21058 | D:10     | Found a shimmering altar of Xom.
 21278 | D:10     | Found a staircase to the Lair.
 21377 | D:10     | Reached skill level 1 in Earth Magic
 22061 | Lair:1   | Entered Level 1 of the Lair of Beasts
 22212 | Lair:1   | Noticed Amaemon
 22218 | Lair:1   | Killed Amaemon
 22219 | Lair:1   | Reached skill level 5 in Earth Magic
 22264 | Lair:1   | Noticed Gastronok
 22271 | Lair:1   | Reached XP level 12. HP: 85/92 MP: 12/26
 22437 | Lair:1   | Noticed Grum
 22441 | Lair:1   | Killed Grum
 22491 | Lair:1   | Reached skill level 5 in Dodging
 22589 | Lair:1   | Found a dark tunnel.
 22630 | Volcano  | Entered a volcano
 22816 | Volcano  | Learned a level 5 spell: Freezing Cloud
 22983 | Volcano  | Reached skill level 1 in Ice Magic
 23057 | Volcano  | Found a burning altar of Makhleb.
 23057 | Volcano  | Noticed a hell hog
 23064 | Volcano  | Killed a hell hog
 23393 | Lair:1   | Offered knowledge of Bombard by Vehumet.
 23613 | Lair:1   | Killed Gastronok
 24127 | Lair:2   | Found a staircase to the Snake Pit.
 24171 | Lair:2   | Reached XP level 13. HP: 101/101 MP: 28/28
 24612 | Lair:2   | Found a one-way gate to the infinite horrors of the Abyss.
 24612 | Lair:2   | Found a corrupted altar of Lugonu.
 24953 | Lair:2   | Learned a level 6 spell: Bombard
 25328 | Lair:2   | Found a staircase to the Shoals.
 25401 | Lair:3   | Noticed a seven-headed hydra
 25408 | Lair:3   | Killed a seven-headed hydra
 25684 | Lair:3   | Reached skill level 10 in Fighting
 25976 | Lair:3   | Found a transporter.
 25986 | Lair:3   | Found a transporter.
 25992 | Lair:3   | Noticed Mustrin's ghost (adept OpCA)
 25993 | Lair:3   | Found a bloodstained altar of Trog.
 26008 | Lair:3   | Identified the +1 trident "Killer Bee's Death" {drain, rC+}
 26547 | Lair:3   | Offered knowledge of Spellforged Servitor by Vehumet.
 26548 | Lair:3   | Reached XP level 14. HP: 106/110 MP: 22/31
 28217 | Lair:5   | Entered Level 5 of the Lair of Beasts
 28690 | Lair:5   | Reached skill level 15 in Spellcasting
 28913 | Lair:5   | Noticed Sonja
 28917 | Lair:5   | Killed Sonja
 28992 | Lair:4   | Learned a level 7 spell: Spellforged Servitor
 29502 | Lair:5   | Found a shimmering blue altar of Sif Muna.
 29653 | Lair:5   | Offered knowledge of Irradiate by Vehumet.
 29808 | Lair:5   | Reached skill level 1 in Summonings
 30293 | Lair:5   | Found a staircase to the Slime Pits.
 30294 | Lair:5   | Found a viscous altar of Jiyva.
 30552 | Lair:5   | Reached XP level 15. HP: 115/115 MP: 11/35
 30811 | Lair:5   | Found the +4 robe of Folly {Brill Will-∞ Int+8}
 30819 | Lair:5   | Identified the staff "Pisec" {Str+2 Conj Tmut}
 31473 | D:11     | Found Qopuz's Weapon Shoppe.
 31473 | D:11     | Found a staircase to the Orcish Mines.
 31476 | D:11     | Found Mesker Kumn's Armour Shoppe.
 31537 | D:11     | Noticed Josephine
 31548 | D:11     | Killed Josephine
 31578 | D:11     | Found a frozen archway.
 31589 | IceCv    | Entered an ice cave
 31646 | IceCv    | Offered knowledge of Ozocubu's Refrigeration by Vehumet.
 31666 | IceCv    | Learned a level 7 spell: Ozocubu's Refrigeration
 32119 | D:11     | Reached skill level 5 in Summonings
 32203 | D:11     | Noticed Snorg
 32215 | D:11     | Killed Snorg
 33088 | D:11     | Reached skill level 10 in Conjurations
 33107 | D:11     | Identified the +0 ring mail of the Cockatrice {Rampage
                  | +Blink rN+++ Will-}
 33109 | D:11     | Noticed a frost giant
 33151 | D:11     | Noticed Urug
 33154 | D:11     | Killed Urug
 34323 | D:12     | Offered knowledge of Starburst by Vehumet.
 34421 | D:12     | Reached skill level 5 in Ice Magic
 35244 | Orc:1    | Entered Level 1 of the Orcish Mines
 35465 | Orc:1    | Found Zous's Gadget Gallery.
 35595 | Orc:2    | Entered Level 2 of the Orcish Mines
 35685 | Orc:2    | Found a staircase to the Elven Halls.
 35712 | Orc:2    | Found Liwareem's Assorted Antiques.
 35720 | Orc:2    | Bought a pair of crude boots for 266 gold pieces
 35720 | Orc:2    | Identified the +1 pair of boots of Privacy {Harm Drain
                  | SInv} (You bought it in a shop on level 2 of the Orcish
                  | Mines)
 35824 | Orc:2    | Found a shimmering altar of Xom.
 35955 | Orc:2    | Reached ****** piety under Vehumet
 35957 | Orc:2    | Offered knowledge of Plasma Beam by Vehumet.
 35961 | Orc:2    | Reached XP level 16. HP: 122/122 MP: 30/36
 36880 | Orc:2    | Found Bovvostreg's General Store.
 36880 | Orc:2    | Found Vilimuqu's Magic Scroll Shoppe.
 36882 | Orc:2    | Found Guaqy's Assorted Antiques.
 36884 | Orc:2    | Found Pilugimn's Distillery.
 36888 | Orc:2    | Bought a potion of magic for 104 gold pieces
 36888 | Orc:2    | Bought a scroll of identify for 26 gold pieces
 36890 | Orc:2    | Bought a scroll of identify for 26 gold pieces
 36892 | Orc:2    | Bought a scroll of revelation for 97 gold pieces
 36899 | Orc:2    | Bought a potion of heal wounds for 70 gold pieces
 36899 | Orc:2    | Bought a potion of curing for 42 gold pieces
 36899 | Orc:2    | Bought a potion of magic for 112 gold pieces
 36899 | Orc:2    | Bought a potion of curing for 42 gold pieces
 36899 | Orc:2    | Bought a potion of curing for 42 gold pieces
 36899 | Orc:2    | Bought a potion of curing for 42 gold pieces
 37785 | D:13     | Found a gate to the Vaults.
 38436 | D:13     | Noticed Erolcha
 38773 | D:14     | Reached skill level 10 in Ice Magic
 38826 | D:14     | Identified the maw talisman "Woogh" {Will+ Slay+3 SInv}
 38922 | D:14     | Identified the +0 leather armour "Atay" {rN++ Will+}
 39103 | D:14     | Offered knowledge of Lehudib's Crystal Spear by Vehumet.
 39103 | D:14     | Offered knowledge of Shatter by Vehumet.
 39103 | D:14     | Offered knowledge of Polar Vortex by Vehumet.
 39181 | D:15     | Entered Level 15 of the Dungeon
 39439 | Snake:1  | Entered Level 1 of the Snake Pit
 39817 | Snake:1  | Found Hafasauv's Book Boutique.
 39818 | Snake:1  | Found Afameolu's Jewellery Shoppe.
 39818 | Snake:1  | Found Etseyffi's Jewellery Shoppe.
 39825 | Snake:1  | Bought the ring of the Endless Expanse {rPois rF+ rCorr
                  | Int+4} for 672 gold pieces
 40055 | Snake:1  | Identified the serpent talisman of Jinoi {rPois rF+ Will+
                  | Str+4}
 40055 | Snake:1  | Noticed Aizul
 40060 | Snake:1  | Killed Aizul
 40523 | Snake:2  | Found Iqah Uda's Jewellery Emporium.
 40523 | Snake:2  | Found Teushraf's Weapon Shoppe.
 40807 | Snake:2  | Reached XP level 17. HP: 115/128 MP: 15/37
 42086 | Snake:3  | Found Etanaane's Armour Shoppe.
 42214 | Snake:3  | Found Licwow's One-of-a-Kind Rings.
 42373 | Snake:3  | Reached skill level 1 in Shields
 42694 | Snake:4  | Entered Level 4 of the Snake Pit
 42934 | Snake:4  | Reached skill level 5 in Shields
 43904 | Snake:4  | Noticed a quicksilver dragon
 43992 | Snake:4  | Killed a quicksilver dragon
 43993 | Snake:4  | Reached XP level 18. HP: 113/138 MP: 21/38
 44397 | Snake:4  | Got a serpentine rune of Zot
 44660 | Shoals:1 | Entered Level 1 of the Shoals
 44660 | Shoals:1 | Found Gumeat's Distillery.
 45077 | Shoals:1 | Noticed a kraken
 45084 | Shoals:1 | Killed a kraken
 45365 | Shoals:1 | Noticed Mlioglotl
 45369 | Shoals:1 | You fall into a shaft and drop 1 floor!
 45991 | Shoals:2 | Noticed Ilsuiw
 46034 | Shoals:1 | You fall into a shaft and drop 1 floor!
 46285 | Shoals:2 | Killed Ilsuiw
 46377 | Shoals:2 | Reached skill level 10 in Shields
 47940 | Shoals:3 | Noticed Polyphemus
 47957 | Shoals:3 | Killed Polyphemus
 48558 | Shoals:3 | Bought a potion of curing for 51 gold pieces
 48558 | Shoals:3 | Bought a potion of heal wounds for 85 gold pieces
 48558 | Shoals:3 | Bought a potion of heal wounds for 85 gold pieces
 48558 | Shoals:3 | Bought a potion of heal wounds for 85 gold pieces
 48558 | Shoals:3 | Bought a potion of mutation for 136 gold pieces
 48558 | Shoals:3 | Bought a potion of invisibility for 136 gold pieces
 48921 | Shoals:3 | Identified the +3 scale mail of the King of the Hill
                  | {Rampage Fly rN+ Slay-2}
 48945 | Shoals:4 | Entered Level 4 of the Shoals
 49408 | Shoals:4 | Noticed Roxanne
 50394 | Shoals:4 | Got a barnacled rune of Zot
 50451 | Shoals:4 | Found Dubrur's Magic Scroll Boutique.
 50454 | Shoals:4 | Bought a scroll of fog for 64 gold pieces
 51036 | Shoals:4 | Reached XP level 19. HP: 146/146 MP: 20/39
 51736 | D:15     | Reached skill level 10 in Summonings
 52955 | D:15     | Found a staircase to the Depths.
 52958 | D:15     | Reached skill level 15 in Shields
 53995 | D:11     | Identified the +4 triple crossbow "Ocvan" {antimagic, Drain
                  | rC+ Int+2}
 54188 | Vaults:1 | Entered Level 1 of the Vaults
 55280 | Vaults:1 | Found Bovozumy's Magic Scroll Emporium.
 55290 | Vaults:1 | Bought a scroll of butterflies for 76 gold pieces
 55290 | Vaults:1 | Bought a scroll of revelation for 142 gold pieces
 57034 | Vaults:5 | Identified the of Qoiz
 57034 | Crypt:1  | Identified the of Axkal
 57034 | Depths:2 | Identified the of Azaos
 57034 | WizLab   | Identified the of Nanirr
 57034 | WizLab   | Identified the "Ytaris"
 57034 | Elf:1    | Entered Level 1 of the Elven Halls
 57974 | Elf:1    | Reached skill level 10 in Evocations
 57974 | Elf:1    | Reached XP level 20. HP: 153/153 MP: 39/42
 58616 | Elf:1    | Found Raetsiontu's Weapon Emporium.
 58977 | Elf:2    | Found a runed translucent door.
 58981 | Elf:2    | Noticed Coyxt's ghost (journeyman DsSh)
 59035 | Elf:2    | Noticed Louise
 59045 | Elf:2    | Killed Louise
 59148 | Elf:2    | Noticed Donald
 59167 | Elf:2    | Killed Donald
 59457 | Elf:2    | Reached skill level 10 in Dodging
 59743 | Elf:2    | Found a runed translucent gate.
 59744 | Elf:2    | Found a runed translucent gate.
 59744 | Elf:2    | Found a runed translucent gate.
 59881 | Elf:3    | Identified the "Qemn"
 59881 | Elf:3    | Entered Level 3 of the Elven Halls
 60019 | Elf:3    | Identified the serpent talisman of Omuaph {rC- Will++ Int-2
                  | Dex+8}
 60316 | Elf:3    | Reached skill level 1 in Polearms
 61246 | Elf:2    | Killed Coyxt's ghost
 61492 | Elf:3    | Noticed Norris
 61571 | Elf:3    | Identified the +5 morningstar of Hacking and Slashing
                  | {flame, rCorr}
 61571 | Elf:3    | Identified the +1 plate armour of Ravioli {rCorr}
 61571 | Elf:3    | Identified the ring "Wionedez" {Wiz rF- rN+++ Str+5 Dex-3
                  | SInv}
 61579 | Elf:3    | Identified the +5 long sword of Dawn {spect, rF+ rC- Dex+4}
 62368 | Elf:3    | Reached skill level 5 in Polearms
 62950 | Elf:3    | Killed Norris
 63554 | Elf:3    | Identified the staff of Upheaval {rN+ Will+++ Dex-2 SInv
                  | Necro}
 63560 | Elf:3    | Identified the +4 ring mail "Volirese" {rElec Will- Int+8}
 63570 | Elf:3    | Identified the staff of Fragile Peace {rElec rF+ Air}
 63573 | Elf:3    | Identified the +1 quarterstaff of the Illusory Souls
                  | {heavy, rF- rCorr Str+3 Dex+7}
 64871 | Vaults:2 | Found the +10 tower shield of Ignorance {rN+ Int-4}
 65047 | Vaults:2 | Reached XP level 21. HP: 145/159 MP: 6/44
 65787 | Snake:3  | Bought the ring "Anaef" {rElec EV+5 SInv} for 758 gold
                  | pieces
 66359 | Vaults:2 | Reached skill level 1 in Armour
 67783 | Vaults:2 | Reached skill level 5 in Armour
 67891 | Vaults:2 | Noticed Jory
 68499 | Vaults:3 | Found a staircase to the Crypt.
 68829 | Vaults:3 | Learned a level 4 spell: Passage of Golubria
 68954 | Vaults:3 | Reached skill level 1 in Translocations
 69241 | Vaults:3 | Found Gixaci's Distillery.
 70999 | Vaults:3 | Reached skill level 15 in Fighting
 71679 | Vaults:4 | Reached skill level 5 in Translocations
 71696 | Vaults:4 | Reached XP level 22. HP: 173/175 MP: 23/46
 73099 | Vaults:4 | Noticed Sojobo
 73154 | Vaults:4 | Killed Sojobo
 73819 | Vaults:4 | Reached skill level 10 in Polearms
 74741 | Vaults:4 | Found the +8 orange crystal plate armour {Archmagi, Int+3
                  | Clar}
 74986 | Depths:1 | Entered Level 1 of the Depths
 75267 | D:13     | Killed Erolcha
 75563 | Depths:1 | Reached skill level 15 in Ice Magic
 76415 | Depths:1 | Found a one-way gateway to a ziggurat.
 76455 | Depths:1 | Found a gateway to Hell.
 76870 | Depths:1 | Found a broken altar of Ashenzari.
 76979 | Depths:1 | Identified the +2 robe of Honour {rPois}
 77096 | Depths:2 | Found a magical portal.
 77229 | WizLab   | Entered The Hall of the Hellbinder
 77582 | Depths:2 | Found a corrupted altar of Lugonu.
 77809 | Depths:2 | Reached XP level 23. HP: 181/181 MP: 36/47
 79682 | Depths:2 | Found a burning altar of Makhleb.
 80985 | Depths:3 | Found a shadowy altar of Dithmenos.
 81887 | Depths:3 | Found a stormy altar of Qazlal.
 82170 | Depths:3 | Learned a level 9 spell: Polar Vortex
 83140 | Depths:4 | Entered Level 4 of the Depths
 83525 | Depths:4 | Noticed a golden dragon
 83529 | Depths:4 | Killed a golden dragon
 84647 | Depths:4 | Reached XP level 24. HP: 158/188 MP: 34/47
 85103 | Depths:4 | Noticed a golden dragon
 85130 | Depths:4 | Killed a golden dragon
 86499 | Depths:4 | Found a gate to the Realm of Zot.
 86965 | Zot:3    | Identified the of Osiqirgh
 86965 | Slime:1  | Entered Level 1 of the Pits of Slime
 87277 | Slime:2  | Learned a level 5 spell: Borgnjor's Vile Clutch
 87460 | Slime:3  | Gained mutation: You have very sharp teeth. [a shining eye]
 87784 | Slime:5  | Entered Level 5 of the Pits of Slime
 89605 | Crypt:1  | Entered Level 1 of the Crypt
 90604 | Crypt:1  | Noticed a royal mummy
 90791 | Crypt:1  | Reached XP level 25. HP: 194/194 MP: 38/47
 91004 | Crypt:1  | Reached skill level 10 in Earth Magic
 91978 | Crypt:2  | Found a transporter.
 91991 | Crypt:2  | Found a transporter.
 92041 | Crypt:2  | Learned a level 9 spell: Shatter
 92704 | Crypt:3  | Entered Level 3 of the Crypt
 92970 | Crypt:3  | Found the +7 sceptre of Torment {pain, torment}
 93177 | Crypt:3  | Noticed a curse toe
 93481 | Crypt:3  | Killed a curse toe
 93891 | Crypt:3  | Noticed Margery
 93893 | Crypt:3  | Reached skill level 15 in Earth Magic
 93907 | Crypt:3  | Killed Margery
 94072 | Crypt:3  | Found a staircase to the Tomb.
 94427 | Crypt:3  | Noticed an ancient lich
 94428 | Crypt:3  | Noticed a dread lich
 94502 | Crypt:3  | Killed a dread lich
 94646 | Crypt:3  | Killed an ancient lich
 94844 | Crypt:3  | Identified the ring "Hesuod" {Fire Int+3}
 94850 | Crypt:3  | Identified the ring "Ysex" {rF+ Will+ rCorr Int+6}
 95348 | D:2      | Killed Crazy Yiuf
 96027 | Shoals:1 | Identified a scroll of acquirement
 96034 | Shoals:1 | Acquired 1166 gold pieces
 96306 | Lair:3   | Killed Mustrin's ghost
 96496 | Shoals:4 | Killed Roxanne
 96609 | Shoals:1 | Killed Mlioglotl
 97299 | Elf:2    | Reached XP level 26. HP: 201/201 MP: 44/47
 98576 | Snake:1  | Bought the ring of the Hare {EV+10} for 1920 gold pieces
 98576 | Snake:1  | Found the ring of the Hare {EV+10}
 98973 | Crypt:2  | Identified the +2 pair of boots of Pandemonium {Str+4}
101349 | Slime:5  | Noticed the Royal Jelly
102078 | Slime:5  | Found the +15 Maxwell's patent armour {-Cast -Tele rElec
                  | Will+ rCorr}
102378 | Slime:5  | Got a slimy rune of Zot
102878 | Zot:1    | Entered Level 1 of the Realm of Zot
104478 | Zot:1    | Learned a level 8 spell: Lehudib's Crystal Spear
104526 | Zot:1    | Noticed a shard shrike
104741 | Zot:1    | Reached XP level 27. HP: 190/210 MP: 23/47
104878 | Zot:1    | Killed a shard shrike
105478 | Zot:2    | Reached skill level 10 in Stealth
106190 | Zot:2    | Identified the +0 helmet "Painuphy" {rC- Str+4 Stlth+}
107186 | Zot:4    | Noticed a Killer Klown
107189 | Zot:4    | Killed a Killer Klown
108929 | Vaults:5 | Entered Level 5 of the Vaults
108936 | Vaults:5 | Killed a dread lich
108939 | Vaults:5 | Reached skill level 10 in Armour
108968 | Vaults:5 | Identified the +5 bardiche of Gaefon {flame, Fragile rElec
                  | Int+2 Dex+5}
108974 | Vaults:5 | Identified the +7 battleaxe "Igis" {flame, *Rage rElec
                  | rPois Stlth+}
110089 | Vaults:5 | Got a silver rune of Zot
110560 | Vaults:5 | Found the +7 hand cannon "Mule" {flame, backblast, rF+}
110835 | Vaults:5 | Found the +8 trishula "Condemnation" {holy, anguish, *Noise
                  | Fly rN+}
111153 | Shoals:1 | Bought a potion of curing for 42 gold pieces
111153 | Shoals:1 | Bought a potion of curing for 42 gold pieces
111153 | Shoals:1 | Bought a potion of heal wounds for 70 gold pieces
111153 | Shoals:1 | Bought a potion of heal wounds for 70 gold pieces
111153 | Shoals:1 | Bought a potion of curing for 42 gold pieces
111153 | Shoals:1 | Bought a potion of heal wounds for 70 gold pieces
111386 | Vaults:3 | Bought a potion of heal wounds for 90 gold pieces
111386 | Vaults:3 | Bought a potion of ambrosia for 144 gold pieces
111386 | Vaults:3 | Bought a potion of magic for 144 gold pieces
111386 | Vaults:3 | Bought a potion of curing for 54 gold pieces
111386 | Vaults:3 | Bought a potion of curing for 54 gold pieces
111468 | Vaults:5 | Identified the +0 robe of the Falcon {rElec Str+3}
111710 | Orc:2    | Bought a potion of resistance for 280 gold pieces
111757 | Orc:1    | Bought a phantom mirror for 640 gold pieces
111757 | Orc:1    | Bought a box of beasts for 640 gold pieces
112105 | Zot:5    | Entered Level 5 of the Realm of Zot
112113 | Zot:5    | Identified the +0 ring mail of the Rotten God {-Cast Regen+
                  | Str+4}
112118 | Zot:5    | Noticed Heoriaro's ghost (legendary GnFi)
112343 | Zot:5    | Found a runed translucent door.
112647 | Zot:5    | Noticed a Killer Klown
112654 | Zot:5    | Killed a Killer Klown
112654 | Zot:5    | Noticed a Killer Klown
112658 | Zot:5    | Killed a Killer Klown
112665 | Zot:5    | Noticed an orb of fire
112672 | Zot:5    | Killed an orb of fire
112673 | Zot:5    | Noticed a Killer Klown
112679 | Zot:5    | Killed a Killer Klown
112717 | Zot:5    | Noticed a Killer Klown
112801 | Zot:5    | Killed a Killer Klown
112869 | Zot:5    | Noticed an ancient lich
112872 | Zot:5    | Killed an ancient lich
112922 | Zot:5    | Noticed a Killer Klown
112927 | Zot:5    | Killed a Killer Klown
113269 | Zot:5    | Noticed a Killer Klown
113367 | Zot:5    | Killed a Killer Klown
113466 | Zot:5    | Killed Heoriaro's ghost
113477 | Zot:5    | Identified the +0 pair of boots of the Gate {Dex+2}
113510 | Zot:5    | Noticed an orb of fire
113513 | Zot:5    | Killed an orb of fire
113527 | Zot:5    | Noticed an orb of fire
113528 | Zot:5    | Noticed a Killer Klown
113531 | Zot:5    | Killed a Killer Klown
113533 | Zot:5    | Killed an orb of fire
113975 | Zot:5    | Noticed a dread lich
113978 | Zot:5    | Killed a dread lich
113987 | Zot:5    | Noticed a Killer Klown
113990 | Zot:5    | Killed a Killer Klown
114829 | Zot:5    | Got the Orb of Zot
115012 | Depths:3 | Noticed Jiad the pandemonium lord
115550 | D:$      | Escaped with the Orb!

Illustrated notes

Levels and vault maps discovered:
D:1:      ebering_trefoil_3fold, layout_basic, serial_curves, eino_curves_03,
          eino_curves_03, serial_bayou_ford_a, nicolae_titane
D:2:      layout_basic, ebering_ecumenical_altar_ruins, uniq_crazy_yiuf_cottage
D:3:      layout_basic, mainiacjoe_overflow_tiny_flanked,
          nicolae_overflow_two_pavilions, hangedman_decor_growths, uniq_natasha
D:4:      layout_basic, mainiacjoe_overflow_small_starburst,
          minmay_temple_entry_glass, grunt_ministairs_1, goddamned_bats,
          uniq_blork_the_orc, uniq_grinder, uniq_sigmund
D:5:      layout_rooms, gup_sewer_entry_spiral, uniq_prince_ribbit1, uniq_pikel
D:6:      layout_rooms, minmay_ogre_servants
D:7:      layout_basic, grunt_ministairs_13, uniq_duvessa, uniq_joseph
D:8:      layout_basic, enter_bailey_4, minmay_statues_item
D:9:      layout_loops_ring, item_on_display_a
D:10:     layout_loops_ring, mainiacjoe_overflow_catwalk_spiral,
          lair_entry_dummy, serial_ice, serial_ice_m, serial_ice_f,
          serial_ice_i, serial_ice_n
D:11:     nzn_winding_woodlands_huge [nzn_winding_woodlands_5x15_pool,
          nzn_winding_woodlands_5x15_cabin, nzn_winding_woodlands_5x15_zeroes,
          nzn_winding_woodlands_5x15_sidewinder,
          nzn_winding_woodlands_5x15_pockets,
          nzn_winding_woodlands_5x15_split_checker,
          nzn_winding_woodlands_5x15_parted, nzn_winding_woodlands_5x15_jagged,
          nzn_winding_woodlands_5x15_default, nzn_winding_woodlands_5x15_garden,
          nzn_winding_woodlands_center_diamonds,
          nzn_winding_woodlands_center_pierced_h,
          nzn_winding_woodlands_15x15_eel_pit], layout_stronghold, orc_david_3,
          portal_ice_cave_entry_pillars_2, uniq_josephine, uniq_urug, uniq_snorg
D:12:     layout_stronghold
D:13:     layout_roguey, skrybe_vaults_entry_preservation, serial_rivers,
          chequers_serial_rivers_micro_d, chequers_serial_rivers_large_a,
          chequers_serial_rivers_marsh, chequers_serial_rivers_micro_c,
          uniq_erolcha
D:14:     layout_roguey, chequers_serial_rivers_small_b
D:15:     gammafunk_enter_depths_forms, layout_irregular_city,
          skrybe_limestone_x, corexii_corridor_pit
Lair:1:   layout_misc_corridors, nicolae_volcano_entry_two_sided, uniq_amaemon,
          uniq_gastronok, uniq_grum
Lair:2:   layout_chaotic_city, minmay_shoals_entry_hut,
          minmay_snake_entry_six_corridors, amcnicky_altar_lugonu_corruption
Lair:3:   layout_cave_pods, gammafunk_ghost_wrathful_warriors,
          grunt_megastairs_5
Lair:4:   layout_regular_city, serial_bayou_pond_d, lemuel_fruit_fields
Lair:5:   minmay_lair_end_frog_pond, layout_regular_city, slime_entry_1,
          basic_altar, uniq_sonja
Shoals:1: layout_shoals, serial_shops, nicolae_shop_just_a_little_nook,
          nicolae_shoals_lost_giant_amphitheater, uniq_mlioglotl
Shoals:2: layout_shoals, uniq_ilsuiw
Shoals:3: cheibrodos_shoals_oceanic_diplomacy, layout_shoals, serial_shops,
          shop_fountains, uniq_polyphemus
Shoals:4: shoals_end_hangedman, layout_shoals, serial_shops,
          nicolae_shop_rolled_up, uniq_roxanne
Snake:1:  layout_onion, minmay_shop_grove, uniq_aizul
Snake:2:  layout_cave_town, minmay_shoptagon
Snake:3:  layout_onion, nicolae_wooded_promenade, drop_trap,
          nicolae_shop_unique_rings, grunt_megastairs_1
Snake:4:  hellmonk_snake_rune_quicksilver_temple, layout_cave_town
Slime:1:  nicolae_slime_jelly_donut, layout_caves
Slime:2:  layout_caves
Slime:3:  layout_caves
Slime:4:  layout_caves
Slime:5:  slime_pit_nicolae_block_by_block
Orc:1:    layout_caves, nicolae_shop_gadgets
Orc:2:    st_orc_rangers, layout_diamond_mine, serial_shops, shop, basic_altar,
          nicolae_orc_pool_cavern
Elf:1:    nicolae_elf_arrival_fired_up, layout_loops_corners, serial_shops,
          shop, kennysheep_underground_church, serial_sigils_hangedman_gut,
          drop_trap
Elf:2:    nicolae_elf_blades_crystal_corner, layout_geoelf_grid,
          ebering_ghost_reflecting_pool, st_stairs_8, uniq_donald, uniq_louise
Elf:3:    minmay_elf_hall_statues, layout_loops_cross, uniq_norris
Vaults:1: v_misc_3, hangedman_vaults_nodes, vaults_mumra_lcd, v_rooms_3,
          nicolae_vaults_network_quincunx
          [nicolae_vaults_network_quincunx_subvault,
          nicolae_vaults_network_quincunx_subvault,
          nicolae_vaults_network_quincunx_subvault,
          nicolae_vaults_network_quincunx_subvault,
          nicolae_vaults_network_quincunx_subvault],
          nicolae_vaults_doubleplus_tesselated,
          nicolae_vaults_closet_pinwheel_5, v_misc_22, v_misc_8,
          vaults_room_stairs_pillars, nicolae_vaults_double_plus_2,
          layout_vaults_omnigrid, serial_shops, nicolae_shop_hallway_plus
Vaults:2: nicolae_vaults_border_crossing, ontoclasm_vaults_twist,
          nicolae_vaults_apartment_2, nicolae_vaults_lightning_bolt,
          nicolae_vaults_trapezoid_4, v_rooms_1, nicolae_vaults_house_2,
          layout_vaults_chaotic_city, uniq_jory
Vaults:3: nicolae_vaults_hallways_thing, minmay_crypt_entry_simple_round,
          vaults_room_boxed, v_misc_31, nicolae_vaults_ninety_degrees,
          nicolae_vaults_more_shelving_1, v_alt_pattern_1,
          nicolae_vaults_off_center_swirl, hangedman_vaults_pinch, v_pattern_4,
          nicolae_vaults_rhombus_6, nicolae_vaults_variable_pillar_hall,
          vaults_dpeg_ring, nicolae_vaults_little_squares_2,
          nicolae_vaults_shelves_hall, layout_vaults_big_cross, serial_shops,
          shop
Vaults:4: nicolae_vaults_security_offices_1, nicolae_vaults_mini_display_case,
          hangedman_vaults_river_flow, nicolae_vaults_network_quinsquares
          [nicolae_vaults_network_quincunx_subvault,
          nicolae_vaults_network_quincunx_subvault,
          nicolae_vaults_network_quincunx_subvault,
          nicolae_vaults_network_quincunx_subvault],
          nicolae_vaults_big_angled_halls, v_pattern_2, nicolae_vaults_asterisk,
          layout_vaults_maze, uniq_sojobo
Vaults:5: serial_shops
Crypt:1:  grunt_deathspiral_small, layout_rooms, st_burial_chamber
Crypt:2:  gammafunk_sealed_arena, layout_catacombs
Crypt:3:  david_glass_crypt, layout_gridlike, nicolae_tomb_entry_rubble_hallway,
          grunt_megastairs_3, uniq_margery
Depths:1: evilmike_makhleb_hellhole, layout_cave_shapes, enter_ziggurat_a,
          nicolae_hell_entry_hellmouth_sunbeams, ashenzari_conservatory_becter,
          lightli_corner_chamber
Depths:2: nicolae_cairo_tiling_large, layout_basic, hell_entry,
          mu_enter_wizlab_1, abyss_entry_flame_altar, rand_demon_pan_entry_4,
          kennysheep_small_spiral, serial_shops, bzr_firewalk,
          minmay_misc_feat_doors, minmay_misc_feat_four_crosses,
          makhleb_altar_promises_db
Depths:3: minmay_polygon_palace, layout_gridlike, hell_entry, abyss_entry,
          nicolae_qazlal_style_of_elements, grunt_dithmenos_smoke_and_mirrors,
          serial_bayou_shore_b, minmay_staircase_windowed_large
Depths:4: grunt_zot_entry_gee_three, layout_basic, pf_coc_iceberg,
          serial_bayou_pond_a
Zot:1:    layout_onion_interference, hangedman_zot_spectrum, grunt_megastairs_4,
          uniq_grunn
Zot:2:    grunt_twist_and_shout, layout_onion,
          regret_index_zotdec_barnacled_alternative
Zot:3:    gammafunk_mikee_crab_dinner, layout_onion_interference
Zot:4:    layout_onion_interference, regret_index_zotdec_split_disrupt,
          grunt_megastairs_2
Zot:5:    layout_concentric_octagons, ebering_ghost_reflecting_pool

Skill      XL: |  1  2  3  4  5  6  7  8  9 10 11 12 13 14 15 16 17 18 19 20 21 22 23 24 25 26 27 |
---------------+----------------------------------------------------------------------------------+-----
Stealth        | 3 5 6 7 12 | 12.0
Fighting       | 1 2 4 6 8 9 10 11 12 15 21 | 21.6
Air Magic      | 1 2 |  2.0
Poison Magic   | 5 6 |  6.0
Spellcasting   | 3 4 5 8 10 11 13 16 18 19 20 21 | 21.4
Evocations     | 2 3 4 5 6 8 9 10 12 | 12.9
Conjurations   | 1 2 4 7 8 10 | 10.0
Short Blades   | 2 |  2.0
Transmutations | 2 |  2.0
Fire Magic     | 2 |  2.0
Earth Magic    | 6 7 9 17 21 22 | 22.0
Dodging        | 5 8 10 14 | 14.9
Ice Magic      | 4 6 12 14 16 20 22 | 22.3
Summonings     | 2 8 9 10 | 10.0
Shields        | 8 13 15 18 | 18.0
Polearms       | 6 7 10 | 10.0
Armour         | 5 7 11 | 11.0
Translocations | 5 6 |  6.0

Action                     |  1- 3 |  4- 6 |  7- 9 | 10-12 | 13-15 | 16-18 | 19-21 | 22-24 | 25-27 || total
---------------------------+-------+-------+-------+-------+-------+-------+-------+-------+-------++-------
  Melee: Unarmed           |     2 |       |       |       |       |       |       |       |       ||     2
         Dagger            |    13 |    36 |   148 |       |       |       |       |       |       ||   197
         Staff             |       |       |     5 |    12 |       |     3 |     7 |     9 |       ||    36
         Punch             |       |       |     1 |       |     1 |       |       |       |       ||     2
         Flail             |       |       |       |    17 |    47 |     5 |       |       |     2 ||    71
         Demon trident     |       |       |       |       |       |       |    64 |   276 |     2 ||   342
         Bite              |       |       |       |       |       |       |       |     7 |     5 ||    12
         Trishula          |       |       |       |       |       |       |       |       |    18 ||    18
   Fire: Sling             |    13 |     4 |       |       |       |       |       |       |       ||    17
  Throw: Dart              |       |       |     9 |     9 |     2 |     1 |       |       |       ||    21
         Throwing net      |       |       |       |       |     1 |       |       |       |       ||     1
   Cast: Sting             |    14 |     2 |    12 |       |       |       |       |       |       ||    28
         Poisonous Vapours |    35 |    62 |    87 |     1 |       |       |       |       |       ||   185
         Olgreb's Toxic Ra |       |       |    21 |   125 |    58 |    23 |       |     1 |       ||   228
         Mephitic Cloud    |       |       |     5 |    20 |     4 |       |       |       |       ||    29
         Searing Ray       |       |       |     2 |     4 |       |       |       |       |       ||     6
         Magic Dart        |       |       |       |    81 |    36 |       |       |       |       ||   117
         Ignite Poison     |       |       |       |    38 |    18 |     9 |       |       |       ||    65
         Iskenderun's Batt |       |       |       |    23 |     6 |       |       |       |       ||    29
         Lee's Rapid Decon |       |       |       |     5 |    26 |    26 |     1 |    16 |    45 ||   119
         Freezing Cloud    |       |       |       |     4 |   183 |    30 |     2 |       |     1 ||   220
         Bombard           |       |       |       |       |   159 |    38 |    79 |   237 |   157 ||   670
         Spellforged Servi |       |       |       |       |     1 |     9 |    26 |    45 |     7 ||    88
         Ozocubu's Refrige |       |       |       |       |       |   388 |   422 |   433 |   407 ||  1650
         Polar Vortex      |       |       |       |       |       |       |       |     4 |    88 ||    92
         Borgnjor's Vile C |       |       |       |       |       |       |       |       |    24 ||    24
         Lehudib's Crystal |       |       |       |       |       |       |       |       |    81 ||    81
         Shatter           |       |       |       |       |       |       |       |       |   145 ||   145
         Passage of Golubr |       |       |       |       |       |       |       |       |     6 ||     6
Ability: Dig               |       |     2 |       |     1 |     1 |     3 |       |     1 |       ||     8
         Shaft Self        |       |       |     2 |       |       |     2 |       |       |       ||     4
  Evoke: Wand              |       |    11 |    13 |     7 |    13 |     5 |    13 |    22 |     4 ||    88
         Lightning rod     |       |       |       |       |       |     9 |    15 |     5 |       ||    29
         Condenser vane    |       |       |       |       |       |     1 |     2 |     1 |       ||     4
    Use: Potion            |     1 |       |     1 |     1 |     1 |       |     1 |     4 |    13 ||    22
         Scroll            |       |     1 |     9 |     4 |    16 |     4 |     7 |    10 |    11 ||    62
   Stab: Sleeping          |       |       |     9 |       |       |       |     1 |       |       ||    10
         Distracted        |       |       |       |       |       |       |       |     6 |       ||     6
 Armour: Robe              |    11 |    30 |   125 |   107 |    95 |    95 |    95 |    56 |   128 ||   742
         Troll leather arm |       |       |       |       |       |       |       |   141 |    22 ||   163
         Skin              |       |       |       |       |       |       |       |       |     3 ||     3
  Dodge: Dodged            |    25 |    32 |   127 |    87 |    87 |    76 |    81 |   173 |   155 ||   843
  Block: Other             |       |       |       |       |       |     4 |       |       |       ||     4
         Reflection        |       |       |       |       |       |     6 |    29 |    14 |     2 ||    51
         Kite shield       |       |       |       |       |       |     9 |   165 |   315 |   106 ||   595

Table legend: (Time is in decaauts)
 A = Elapsed time spent in this place.
 B = Non-inter-level travel time spent in this place.
 C = Inter-level travel time spent in this place.
 D = Time resting spent in this place.
 E = Time spent auto-exploring this place.
 F = Levels seen in this place.
 G = Mean time per level.
                   A        B        C        D        E       F      G
               +--------+--------+--------+--------+--------+-----+--------+
         Total | 116331 | 103158 |  13173 |  21871 |  62789 |  59 | 1971.7 |
       Dungeon |  34104 |  28628 |   5476 |   7695 |  12959 |  15 | 2273.6 |
          Lair |  10270 |   8660 |   1610 |    630 |   6492 |   5 | 2054.0 |
        Shoals |   7793 |   7267 |    526 |    834 |   5779 |   4 | 1948.2 |
     Snake Pit |   5439 |   4946 |    493 |    371 |   4144 |   4 | 1359.8 |
    Slime Pits |   5575 |   5193 |    382 |   2550 |   1635 |   5 | 1115.0 |
  Orcish Mines |   2519 |   2055 |    464 |    175 |   1543 |   2 | 1259.5 |
   Elven Halls |   7766 |   7001 |    765 |   2097 |   4195 |   3 | 2588.7 |
        Vaults |  15675 |  14143 |   1532 |   1229 |  11289 |   5 | 3135.0 |
         Crypt |   5523 |   5038 |    485 |   1017 |   3051 |   3 | 1841.0 |
        Depths |  11686 |  10782 |    904 |   1765 |   7722 |   4 | 2921.5 |
           Zot |   8293 |   7760 |    533 |   2832 |   3696 |   5 | 1658.6 |
        Bailey |    559 |    559 |      0 |    196 |    175 |   1 |  559.0 |
      Ice Cave |    321 |    321 |      0 |    100 |    108 |   1 |  321.0 |
       Volcano |    605 |    605 |      0 |    214 |      0 |   1 |  605.0 |
        Wizlab |    196 |    196 |      0 |    166 |      0 |   1 |  196.0 |
               +--------+--------+--------+--------+--------+-----+--------+

Top non-repeatable levels by time:
     D:3: 4370 daAuts
Vaults:1: 3964 daAuts
Vaults:4: 3819 daAuts
     D:4: 3815 daAuts
Depths:3: 3744 daAuts
Depths:4: 3531 daAuts
Vaults:3: 3346 daAuts
   Elf:3: 3227 daAuts
    D:10: 3101 daAuts
     D:1: 3049 daAuts
Vaults:2: 2833 daAuts
  Lair:5: 2809 daAuts
   Elf:2: 2757 daAuts
Shoals:4: 2687 daAuts
    D:11: 2685 daAuts
